 Dungeon Crawl Stone Soup version 0.20.1-1-g8b1a95d (webtiles) character file.

225 Nattfarinn the Sneak (level 6, -11/36 HPs)
             Began as an Octopode Enchanter on Aug 2, 2017.
             Killed by divine providence
             ... invoked by an orc priest
              (13 damage)
             ... on level 3 of the Dungeon.
             The game lasted 00:04:16 (1806 turns).

Nattfarinn the Sneak (Octopode Enchanter)           Turns: 1806, Time: 00:04:18

Health: -11/36     AC:  1    Str:  7    XL:     6   Next: 1%
Magic:  9/9        EV: 13    Int: 17    God:
Gold:   128        SH:  0    Dex: 13    Spells: 2/9 levels left

rFire    + . .     SeeInvis .   a - +1 dagger
rCold    . . .     Gourm    .   (no shield)
rNeg     . . .     Faith    .   (helmet restricted)
rPois    .         Spirit   .   d - amulet of regeneration
rElec    .         Reflect  .   (no ring)
rCorr    .         Harm     .   (no ring)
MR       .....                  (no ring)
Stlth    ++++......             (no ring)
Regen    0.6/turn               (no ring)
MPRegen  0.2/turn               (no ring)
                                (no ring)
                                (no ring)

@: no status effects
A: almost no armour, stealthy swim, amphibious, 8 rings, constrict 8, tentacle
spike 1, camouflage 1, dopey 1, fire resistance 1, gelatinous body 1
a: no special abilities


You were on level 3 of the Dungeon.
You were very hungry.

You visited 1 branch of the dungeon, and saw 3 of its levels.

You collected 128 gold pieces.

Inventory:

Hand Weapons
 a - a +1 dagger (weapon)
Jewellery
 d - an amulet of regeneration (around mantle)
 i - an uncursed ring of wizardry {unknown}
Scrolls
 e - a scroll of magic mapping {unknown}
 f - a scroll of identify {unknown}
Potions
 h - a potion of mutation
Books
 b - a book of Maledictions

   Spells                             Type                      Level
   a - Corona                         Hexes                        1
   b - Ensorcelled Hibernation        Hexes/Ice                    2
   c - Confuse                        Hexes                        3
   d - Tukima's Dance                 Hexes                        3
   e - Dazzling Spray                 Conjuration/Hexes            3
Comestibles
 c - 2 bread rations
 g - 2 royal jellies


   Skills:
 - Level 1.0 Short Blades
 - Level 2.0 Dodging
 + Level 7.3 Stealth
 - Level 2.0 Spellcasting
 * Level 4.8 Hexes


You had 2 spell levels left.
You knew the following spells:

 Your Spells              Type           Power        Failure   Level  Hunger
a - Corona                Hex            ###....      2%          1    #......
b - Confuse               Hex            ###.....     9%          3    ###....
c - Tukima's Dance        Hex            ###.....     9%          3    ###....


Dungeon Overview and Level Annotations

Branches:
Dungeon (3/15)

Altars:


Innate Abilities, Weirdness & Mutations

You cannot wear most types of armour.
You are very stealthy in the water. (Stealth+)
You are amphibious.
You can wear up to eight rings at the same time.
You can use your tentacles to constrict eight enemies at once.
Your skin changes colour to match your surroundings (Stealth+).
Your rubbery body absorbs attacks. (AC +1, EV +1)
One of your tentacles bears a spike.
You are dopey. (Int -2)
Your flesh is heat resistant. (rF+)


Message History

The orc priest is moderately wounded.
You constrict the orc priest. The orc priest hits you with a flail!
You are too injured to fight recklessly!
You are too injured to fight recklessly!
You are too injured to fight recklessly!
You barely miss the orc priest.
The orc priest is heavily wounded.
You constrict the orc priest.
A kobold comes into view.
You hit the orc priest.
The orc priest is severely wounded.
You constrict the orc priest. The orc priest hits you with a flail!
* * * LOW HITPOINT WARNING * * *
It was a potion of mutation.
You feel extremely strange.
One of your lower tentacles grows a sharp spike.
You feel stupid.
You feel resistant to heat.
You constrict the orc priest.
The orc priest invokes the aid of Beogh against you.
Beogh smites you!
You die...

#### #K.
#o# #@#
#.# #.#
#.#
#.########
#........#
########<#
#.# #.#


You could see an orc priest and a kobold.

Vanquished Creatures
  Sigmund (D:2)
  2 adders (D:2)
  A worm (D:2)
  2 dart slugs
  4 leopard geckos
  2 orcs (D:3)
  A giant cockroach (D:2)
  4 hobgoblins (D:2)
  5 jackals (D:2)
  A quokka (D:2)
  A ball python (D:1)
  3 bats
  A frilled lizard (D:2)
  8 goblins
  5 kobolds
  8 rats
49 creatures vanquished.

Notes
Turn   | Place    | Note
-------+----------+-------------------------------------------
     0 | D:1      | Nattfarinn the Octopode Enchanter began the quest for the Orb.
     0 | D:1      | Reached XP level 1. HP: 11/11 MP: 3/3
    97 | D:1      | Reached XP level 2. HP: 17/17 MP: 5/5
   820 | D:2      | Reached XP level 3. HP: 21/21 MP: 6/6
   954 | D:2      | Reached skill level 5 in Stealth
  1045 | D:2      | Reached XP level 4. HP: 12/27 MP: 7/7
  1511 | D:2      | Noticed Sigmund
  1521 | D:2      | Learned a level 3 spell: Confuse
  1525 | D:2      | Learned a level 3 spell: Tukima's Dance
  1632 | D:2      | Killed Sigmund
  1632 | D:2      | Reached skill level 7 in Stealth
  1632 | D:2      | Reached XP level 5. HP: 31/31 MP: 1/8
  1798 | D:3      | Reached XP level 6. HP: 29/36 MP: 9/9
  1805 | D:3      | HP: 1/36 [orc priest/flail (13)]
  1806 | D:3      | Gained mutation: One of your tentacles bears a spike. [potion of mutation]
  1806 | D:3      | Gained mutation: You are dopey. (Int -2) [potion of mutation]
  1806 | D:3      | Gained mutation: Your flesh is heat resistant. (rF+) [potion of mutation]
  1806 | D:3      | Killed from afar by an orc priest

Skill      XL: |  1  2  3  4 |
---------------+-------------+-----
Stealth        | 5 7 |  7.3
Hexes          | 4 |  4.8
Short Blades   | |  1.0
Dodging        | |  2.0
Spellcasting   | |  2.0

Action                   |  1- 3 |  4- 6 || total
-------------------------+-------+-------++-------
Melee: Dagger            |    81 |    44 ||   125
       Constrict         |    16 |    14 ||    30
       Tentacles         |    14 |     7 ||    21
 Cast: Tukima's Dance    |       |     3 ||     3
       Confuse           |       |     1 ||     1
  Use: Potion            |       |     1 ||     1
 Stab: Sleeping          |    14 |       ||    14
       Confused          |       |     2 ||     2
  Eat: Chunk             |       |     2 ||     2
Armor: Skin              |     6 |     1 ||     7
Dodge: Dodged            |    53 |    29 ||    82
